 Dungeon Crawl Stone Soup version 0.20-a0-795-ga03948b (webtiles) character file.

55 Magnus the Gusty (level 3, -1/19 HPs)
             Began as a Tengu Air Elementalist on Mar 1, 2017.
             Slain by an adder (5 damage)
             ... on level 2 of the Dungeon.
             The game lasted 00:04:15 (1780 turns).

Magnus the Gusty (Tengu Air Elementalist)           Turns: 1780, Time: 00:04:16

Health: -1/19      AC:  3    Str:  8    XL:     3   Next: 93%
Magic:  1/7        EV: 12    Int: 16    God:
Gold:   88         SH:  0    Dex: 14    Spells: 6/7 levels left

rFire    . . .     SeeInvis .   (no weapon)
rCold    . . .     Gourm    .   a - +0 robe
rNeg     . . .     Faith    .   (no shield)
rPois    .         Spirit   .   (helmet restricted)
rElec    .         Reflect  .   (no cloak)
rCorr    .         Harm     .   g - +0 pair of gloves
MR       .....                  (boots unavailable)
Stlth    ++........             (no amulet)
Regen    0.1/turn               (no ring)
MPRegen  0.1/turn               (no ring)

@: lethally poisoned (-1 -> -5), very slightly contaminated
A: beak, talons 3
a: no special abilities


You were on level 2 of the Dungeon.
You were hungry.

You visited 1 branch of the dungeon, and saw 2 of its levels.

You collected 88 gold pieces.

Inventory:

Armour
 a - a +0 robe (worn)
 g - a +0 pair of gloves (worn)
Scrolls
 e - 2 scrolls of identify {unknown}
 f - a scroll of enchant armour {unknown}
 h - a scroll of noise {unknown}
Potions
 d - a potion of flight {unknown}
Books
 b - a book of Air

   Spells                             Type                      Level
   a - Shock                          Conjuration/Air              1
   b - Swiftness                      Charms/Air                   2
   c - Static Discharge               Conjuration/Air              3
   d - Airstrike                      Air                          4
   e - Lightning Bolt                 Conjuration/Air              5
 j - a book of Cantrips

   Spells                             Type                      Level
   a - Confusing Touch                Hexes                        1
   b - Animate Skeleton               Necromancy                   1
   c - Summon Small Mammal            Summoning                    1
   d - Apportation                    Translocation                1
Comestibles
 c - a bread ration
 i - a chunk of flesh


   Skills:
 - Level 2.1 Dodging
 - Level 2.0 Stealth
 + Level 2.5 Spellcasting
 + Level 2.9 Conjurations
 + Level 5.0 Air Magic


You had 6 spell levels left.
You knew the following spells:

 Your Spells              Type           Power        Failure   Level  Hunger
a - Shock                 Conj/Air       ##..         4%          1    #......


Dungeon Overview and Level Annotations

Branches:
Dungeon (2/15)

Altars:


Innate Abilities, Weirdness & Mutations

You have a beak for a mouth.
You have claws for feet.


Message History

Press: ? - help, Shift-Dir - straight line The zap hits the adder.
The adder is heavily wounded.
The adder bites you.
Unknown command.
Casting: Shock
Confirm with . or Enter, or press ? or * to list all spells.
Aiming: Shock
Press: ? - help, Shift-Dir - straight line The zap misses the adder.
The adder bites you.
* * * LOW HITPOINT WARNING * * *
Unknown command.
Casting: Shock
Confirm with . or Enter, or press ? or * to list all spells.
Aiming: Shock
Press: ? - help, Shift-Dir - straight line You miscast Shock.
Nothing appears to happen.
* * * LOW HITPOINT WARNING * * *
You feel sick. The adder bites you.
You die...

[ #...............
...##.........###.#
#...........##...
..##........#..#### #..
##..##..##.#... ...
#..#......#.# #.###
###..#.###.)..# #.##.
.#....#S##....######.##.
.......@................
.####.#........>........
#.#.................
#.#............(.รท..
................[.)
.#.................
...................
...................
.....#.............


You could see an adder.

Vanquished Creatures
  3 adders
  A dart slug (D:1)
  5 bats
  A giant cockroach (D:1)
  5 goblins
  A hobgoblin (D:1)
  3 frilled lizards (D:1)
  4 kobolds
  7 rats
30 creatures vanquished.

Notes
Turn   | Place    | Note
-------+----------+-------------------------------------------
     0 | D:1      | Magnus the Tengu Air Elementalist began the quest for the Orb.
     0 | D:1      | Reached XP level 1. HP: 10/10 MP: 4/4
    63 | D:1      | Reached XP level 2. HP: 8/15 MP: 0/6
   916 | D:1      | Reached XP level 3. HP: 19/19 MP: 2/7
  1588 | D:2      | Reached skill level 5 in Air Magic
  1780 | D:2      | Slain by an adder

Vault maps used:
D:1:      minmay_arrival_three_doors
D:2:      kennysheep_goblin_castle

Skill      XL: |  1  2  3 |
---------------+----------+-----
Conjurations   | 2 |  2.9
Air Magic      | 5 |  5.0
Dodging        | |  2.1
Stealth        | |  2.0
Spellcasting   | |  2.5

Action                   || total
-------------------------++-------
Melee: Unarmed           ||    12
       Kick              ||     1
       Peck              ||     1
 Cast: Shock             ||    75
  Eat: Chunk             ||     3
Armor: Robe              ||    11
Dodge: Dodged            ||    44
